 Dungeon Crawl Stone Soup version 0.32-a0-995-gb4a59205af (webtiles) character file.

Game seed: 14558147999051806341

331054 Gryn the Marksdemonspawn (level 20, 0/171 HPs)
             Began as a Demonspawn Hunter on Apr 22, 2024.
             Was the Champion of Dithmenos.
             Slain by a deep troll shaman (30 damage)
             ... on level 1 of the Depths.
             The game lasted 02:09:20 (45531 turns).

Gryn the Marksdemonspawn (Demonspawn Hunter)       Turns: 45531, Time: 02:09:21

Health: 0/171      AC: 23    Str: 17    XL:     20   Next: 86%
Magic:  37/41      EV: 20    Int: 12    God:    Dithmenos [******]
Gold:   1168       SH:  0    Dex: 26    Spells: 24/35 levels left

rFire   + + .        b - +0 longbow (freeze)
rCold   + + .        (shield currently unavailable)
rNeg    . . .        z - +1 faerie dragon scales {rCorr Stlth+}
rPois   .            h - +2 helmet
rElec   .            j - +2 cloak {Will+}
rCorr   +            (gloves unavailable)
SInv    +            q - +3 pair of mountain boots {steadfast, rC+}
Will    ++...        v - amulet "Owet" {rF+ RegenMP+ Str+3 Int+3 Slay+3}
Stlth   +++++        N - ring of see invisible
HPRegen 0.48/turn    w - ring of Valiwapn {^Drain Fly rC+ MP+9 Str+2}
MPRegen 0.67/turn

%: no passive effects
@: flying, wreathed by umbra, studying Dodging
A: claws 3, molten scales 3, icemail 2, robust 1, spiny 3, condensation shield
}: 2/15 runes: barnacled, gossamer
a: Renounce Religion, Shadow Step, Shadow Form


You were on level 1 of the Depths.
You worshipped Dithmenos.
Dithmenos was exalted by your worship.
You visited 8 branches of the dungeon, and saw 36 of its levels.
You visited 2 bazaars.

You collected 4298 gold pieces.
You spent 3130 gold pieces at shops.

Inventory:

Hand Weapons
 a - a +6 longbow
 b - a +0 longbow of freezing (weapon)
Missiles
 l - 2 throwing nets
 y - 15 javelins
 S - 13 curare-tipped darts
Armour
 h - a +2 helmet (worn)
 j - a +2 cloak of willpower (worn)
 k - a +2 robe of resistance
 q - the +3 pair of mountain boots (worn) {steadfast, rC+}
   (You found it on level 4 of the Spider Nest)

   Steadfast: It prevents involuntary movement, except for blinking,
   teleportation, or banishment.
   rC+:       It protects you from cold.
 z - the +1 faerie dragon scales (worn) {rCorr Stlth+}
   (You took it off the Enchantress on level 1 of the Depths)

   rCorr:     It protects you from acid and corrosion.
   Stlth+:    It makes you more stealthy.
 L - a +2 kite shield of protection
Jewellery
 v - the amulet "Owet" (around neck) {rF+ RegenMP+ Str+3 Int+3 Slay+3}
   (You found it on level 6 of the Dungeon)

   [amulet of magic regeneration]

   It increases your rate of magic regeneration.
   Str+3:     It affects your strength (+3).
   Int+3:     It affects your intelligence (+3).
   Slay+3:    It affects your accuracy & damage with ranged weapons and melee
   (+3).
   rF+:       It protects you from fire.
   RegenMP+:  It increases your rate of magic regeneration.
 w - the ring of Valiwapn (right claw) {^Drain Fly rC+ MP+9 Str+2}
   (You took it off a vault warden on level 2 of the Vaults)

   [ring of protection from cold]

   Str+2:     It affects your strength (+2).
   rC+:       It protects you from cold.
   MP+9:      It affects your magic capacity (+9).
   Fly:       It grants you flight.
   ^Drain:    It drains your maximum health when unequipped.
 A - the ring "Asipro Enapa" {rPois Will+ AC+4}
   (You bought it in a shop in a bazaar)

   [ring of protection]

   AC+4:      It affects your AC (+4).
   rPois:     It protects you from poison.
   Will+:     It increases your willpower.
 F - a ring of resist corrosion
 I - the macabre finger necklace {Finger+ rN+}
   (You found it on level 2 of the Orcish Mines)

   [amulet of nothing]

   Finger+:   It enables you to equip an extra ring.
   rN+:       It protects you from negative energy.
 K - a ring of protection from cold
 N - a ring of see invisible (left claw)
Wands
 e - a wand of flame (52)
 m - a wand of iceblast (11)
 x - a wand of charming (41)
 B - a wand of mindburst (14)
 G - a wand of digging (12)
 M - a wand of light (1)
Scrolls
 c - 5 scrolls of vulnerability
 d - a scroll of teleportation
 i - 4 scrolls of fear
 n - 4 scrolls of amnesia
 u - 2 scrolls of butterflies
 H - 2 scrolls of fog
 J - a scroll of blinking
 O - 2 scrolls of poison
 P - 4 scrolls of silence
 Q - a scroll of enchant armour
 U - a scroll of torment
 W - 2 scrolls of revelation
 X - 7 scrolls of immolation
Potions
 f - 4 potions of ambrosia
 o - 5 potions of mutation
 p - 5 potions of enlightenment
 r - a potion of invisibility
 s - 3 potions of curing
 t - a potion of resistance
 C - 3 potions of magic
 E - 4 potions of lignification
 V - 9 potions of brilliance
 Y - a potion of cancellation
Miscellaneous
 g - a tin of tremorstones (inert)
 D - a lightning rod (4/4)
 Z - a sack of spiders


   Skills:
 - Level 13.0 Fighting
 - Level 20.0 Ranged Weapons
 - Level 5.0 Armour
 - Level 11.0 Dodging
 - Level 0.8 Stealth
 + Level 8.2 Spellcasting
 - Level 5.0 Summonings
 + Level 16.1 Air Magic
 + Level 16.1 Earth Magic
 - Level 8.1 Evocations


You had 24 spell levels left.
You knew the following spells:

 Your Spells              Type           Power      Damage    Failure   Level
a - Magnavolt             Erth/Air       21%        3d14      22%         7
b - Summon Lightning Spi  Summ/Air       30%        N/A       2%          4

Your spell library contained the following spells:

 Spells                   Type           Power      Damage    Failure   Level
 Sandblast                Erth           86%        2d18      1%          1
 Shock                    Conj/Air       96%        1d9       1%          1
 Mercury Vapours          Alch/Air       48%        N/A       1%          2
 Static Discharge         Conj/Air       48%        3-5/arc   1%          2
 Passwall                 Erth           43%        N/A       1%          3
 Stone Arrow              Conj/Erth      48%        3d10      1%          3
 Swiftness                Air            43%        N/A       1%          3
 Airstrike                Air            21%        2d(4-20)  1%          4
 Cigotuvi's Dreadful Rot  Necr/Alch/Air  34%        N/A       3%          2
 Brom's Barrelling Bould  Conj/Erth      24%        2d5       7%          4
 Foxfire                  Conj/Fire      16%        2x1d4     19%         1
 Freeze                   Ice            16%        1d4       19%         1
 Slow                     Hex            16%        N/A       19%         1
 Sting                    Conj/Alch      16%        1d4       19%         1
 Arcjolt                  Conj/Air       12%        1d22      19%         5
 Blink                    Tloc           8%         N/A       28%         2
 Ensorcelled Hibernation  Hex/Ice        8%         N/A       28%         2
 Jinxbite                 Hex            8%         N/A       28%         2
 Lesser Beckoning         Tloc           8%         N/A       28%         2
 Momentum Strike          Conj/Tloc      8%         3d8       28%         2
 Scorch                   Fire           8%         2d5       28%         2
 Confusing Touch          Hex            4%         N/A       50%         3
 Dazzling Flash           Conj/Hex       8%         N/A       50%         3
 Frozen Ramparts          Ice            8%         1d2       50%         3
 Fugue of the Fallen      Necr           4%         N/A       50%         3
 Hailstorm                Conj/Ice       4%         3d5       50%         3
 Inner Flame              Hex/Fire       4%         N/A       50%         3
 Maxwell's Portable Pile  Tloc           4%         2d(5-14)  50%         3
 Ozocubu's Armour         Ice            4%         N/A       50%         3
 Vampiric Draining        Necr           4%         2d6       50%         3
 Volatile Blastmotes      Fire/Tloc      8%         2d10      50%         3
 Freezing Cloud           Conj/Ice/Air   8%         6-21      50%         5
 Martyr's Knell           Necr/Summ      10%        N/A       56%         4
 Bombard                  Conj/Erth      12%        9d3       71%         6
 Plasma Beam              Fire/Air       12%        2x1d23    71%         6
 Maxwell's Capacitive Co  Air            21%        ∞         86%         8
 Anguish                  Hex/Necr       2%         N/A       88%         4
 Animate Dead             Necr           4%         N/A       88%         4
 Dispel Undead            Necr           4%         3d7       88%         4
 Flame Wave               Conj/Fire      4%         2d5       88%         4
 Fulminant Prism          Conj/Alch      2%         3d5       88%         4
 Ignite Poison            Fire/Alch      4%         N/A       88%         4
 Iskenderun's Mystic Bla Conj/Tloc 4%             2d3        (+2d1     88%         4
 Olgreb's Toxic Radiance  Alch           4%         N/A       88%         4
 Sticky Flame             Fire/Alch      4%         2d4       88%         4
 Summon Forest            Summ/Tloc      5%         N/A       88%         5
 Summon Mana Viper        Hex/Summ       10%        N/A       88%         5
 Summon Cactus Giant      Summ           8%         N/A       98%         6
 Metabolic Englaciation   Hex/Ice        2%         N/A       99%         5
 Yara's Violent Unravell  Hex/Alch       2%         3d3       99%         5
 Seismic Cannonade        Alch/Erth      12%        6d7       99%         7
 Starburst                Conj/Fire      2%         6d3       100%        6
 Enfeeble                 Hex            2%         N/A       100%        7
 Haunt                    Necr/Summ      5%         N/A       100%        7
 Fulsome Fusillade        Conj/Alch      2%         (3-5)d4   100%        8
 Infestation              Necr           2%         N/A       100%        8


Dungeon Overview and Level Annotations

Branches:
Dungeon (15/15)            Temple (0/1) D:6            Lair (5/5) D:11
 Shoals (4/4) Lair:2       Spider (4/4) Lair:3        Slime (0/5) Lair:4
    Orc (2/2) D:9             Elf (1/3) Orc:2        Vaults (4/5) D:14
  Crypt (0/3) Vaults:3     Depths (1/4) D:15

Altars:
Ashenzari
Cheibriados
Dithmenos
Fedhas
Gozag
Hepliaklqana
Kikubaaqudgha
Makhleb
Qazlal
Sif Muna
Trog
Uskayaw
Vehumet
Wu Jian
Xom
Yredelemnul
Beogh
Jiyva

Shops:
D:4 (   D:5 =:   D:7 :   Orc:1 (*   Orc:2 ?![=   Shoals:3 [:   Vaults:2 ?
Vaults:3 [

Portals:
Pandemonium: Orc:2

Annotations:
D:11 3 runed translucent doors, hattop's ghost, journeyman DrSh
Shoals:1 3 runed translucent doors
Shoals:2 2 transporters, exclusion: orange crystal statue
Depths:1 1 runed translucent door, Wyithres's ghost, adept MiFi


Innate Abilities, Weirdness & Mutations

You have claws for hands.
You are completely covered in molten scales. (AC +4, rF+)
A meltable icy envelope protects you from harm. (AC +0)
You are robust. (+10% HP)
You are completely covered in sharp spines.
A meltable shield of frost defends you. (SH +0)


Message History

The deep troll is almost dead.
Your shadow shoots an arrow.
The arrow barely misses the deep troll.
The deep troll is struck by your spines.
You kill the deep troll!
Dithmenos accepts your kill.
The troll leather armour is intact enough to wear.
The deep troll shaman bites your lightning spire!!
Your lightning spire is destroyed!
Your lightning spire disappears in a puff of smoke!
The deep troll shaman is struck by your spines.
The deep troll shaman barely misses you.
The deep troll shaman misses you.
The deep troll shaman barely misses you.
Casting: Summon Lightning Spire (mildly dangerous; 2% risk of failure)
Confirm with . or Enter, or press ? or * to list all spells.
An electric hum fills the air.
The deep troll shaman is struck by your spines.
The deep troll shaman closely misses you.
The deep troll shaman barely misses you.
The deep troll shaman claws you but does no damage.
The deep troll shaman is struck by your spines.
The deep troll shaman bites you but does no damage.
The deep troll shaman completely misses you. x2
The deep troll shaman is struck by your spines.
The deep troll shaman bites you!! The deep troll shaman claws you!!
* * * LOW HITPOINT WARNING * * *
The deep troll shaman completely misses you.
Unknown command.
Unknown command.
Unknown command.
Okay, then.
The deep troll shaman attacks as it pursues you!
The deep troll shaman bites you.
* * * LOW HITPOINT WARNING * * *
The deep troll shaman claws you.
* * * LOW HITPOINT WARNING * * *
The deep troll shaman claws you but does no damage.
The deep troll shaman attacks as it pursues you!
The deep troll shaman bites you!!
You die...

####)####..###### #.......#
#.......#.......#####.......#
#'#####)#..####.....'.......#
#.'...'.#..####'###.#.......#
####'####..#.....##.###.....#
'. #..#.....##.# #....(# ##
#..#....§##.# #.....#
#..#.§§§.##.###.....#
##..#§I§T@'....'.....# ##..
#§§§T§######.....#
#....#§§§§§# #.....#
#..^.[§§§## ####'##
##...###.# #.# #...#≈#.# #.#
#...###.# #.# .......[.# ###
......#'###


You could see 2 deep troll shamans.

Vanquished Creatures
  Xtahua (Vaults:3)
  Saint Roka (Orc:2)
  Nikola (Spider:1)
  Arachne (Spider:3)
  Jorgrun (Orc:1)
  2 liches
  7 sphinxes
  2 krakens
  Polyphemus (Shoals:4)
  An ancient champion (Vaults:3)
  2 tengu reavers
  Aizul (Vaults:2)
  A storm dragon (Depths:1)
  Roxanne (Spider:4)
  4 fire giants
  2 frost giants (Depths:1)
  5 vault wardens
  7 emperor scorpions
  A deep elf sorcerer (Elf:1)
  3 ghost moths (Spider:4)
  Louise (Shoals:4)
  9 ironbound preservers
  7 orc warlords
  5 stone giants
  3 very ugly things
  10 ironbound thunderhulks
  2 spriggan defenders (Depths:1)
  A broodmother (Spider:4)
  A vampire knight (Depths:1)
  2 formless jellyfish
  A deep elf annihilator (Vaults:2)
  3 spark wasps
  5 dire elephants
  A minotaur (Shoals:4)
  2 ettins (Depths:1)
  A quicksilver dragon zombie (Depths:1)
  A fire dragon (Depths:1)
  A crystal guardian (Vaults:4)
  5 merfolk javelineers
  11 merfolk impalers
  9 yaktaur captains
  4 vault guards (D:14)
  Harold (D:9)
  2 peacekeepers
  5 great orbs of eyes
  3 hydras
  11 entropy weavers
  9 ironbound frosthearts
  5 centaur warriors
  A demonspawn (Orc:2)
  A catoblepas (Shoals:4)
  A radroach (Spider:3)
  2 merfolk avatars (Shoals:2)
  2 spriggan air magi (Depths:1)
  4 boulder beetles
  A sphinx skeleton (Vaults:3)
  2 two-headed ogres
  A deep troll shaman (Depths:1)
  10 satyrs (Shoals:4)
  2 merfolk aquamancers
  16 death yaks
  A dancing weapon (Elf:1)
  7 tengu warriors
  A deep troll earth mage (Depths:1)
  7 demonic crawlers
  A vampire mage (D:11)
  An occultist (Depths:1)
  6 orc high priests (Orc:2)
  5 spriggan berserkers (Depths:1)
  4 hell knights (Depths:1)
  Nergalle (Lair:3)
  Sonja (Lair:3)
  4 skysharks
  5 skeletal warriors (Vaults:3)
  7 pharaoh ants
  A storm dragon skeleton (Depths:1)
  A goliath frog (Lair:5)
  An iron troll (Depths:1)
  23 deep trolls
  11 orb spiders
  14 sea snakes
  A glowing orange brain (Vaults:4)
  15 ironbound convokers
  A sun moth (Spider:1)
  6 arcanists
  4 deep elf pyromancers
  20 orc knights
  13 harpies
  Pikel (D:4)
  11 steelbarb worms
  6 necromancers (Depths:1)
  5 lindwurms
  An obsidian bat (Orc:2)
  10 wolf spiders
  A deep elf zephyrmancer (Elf:1)
  8 orc sorcerers (Orc:2)
  8 ugly things
  26 manticores
  A tengu skeleton (Vaults:3)
  6 cyclopes
  10 fauns
  5 moths of wrath
  6 kobold blastminers
  8 meliai
  7 water nymphs
  3 black mambas
  A gargoyle (D:11)
  8 merfolk sirens
  15 vault sentinels
  8 elephants (Lair:2)
  21 cane toads
  8 torpor snails
  2 stone giant skeletons (Vaults:3)
  An orange demon (Orc:2)
  Maggie (D:8)
  16 komodo dragons
  An unseen horror (D:11)
  3 rime drakes
  9 yaktaurs
  A freezing wraith (Vaults:4)
  2 ice devils (Orc:2)
  3 human skeletons (Vaults:3)
  A tengu conjurer (D:11)
  11 trolls
  8 polar bears
  16 merfolk
  A tyrant leech (Lair:5)
  2 wind drakes
  2 hornets
  20 tarantellas
  20 jumping spiders
  4 snapping turtles
  An ettin zombie (Depths:1)
  27 blink frogs
  4 dream sheep (Shoals:3)
  34 slime creatures
  A spriggan (Depths:1)
  A centaur simulacrum (D:15)
  Sigmund (D:2)
  27 culicivoras
  3 shadows
  9 water elementals
  11 vampires
  2 elf skeletons (Vaults:3)
  2 ettin skeletons
  Eustachio (D:4)
  A basilisk (shapeshifter) (D:13)
  4 wyverns
  A neqoxec (Orc:2)
  An air elemental (Elf:1)
  8 basilisks
  6 wargs
  48 yaks
  A golden eye (shapeshifter) (D:15)
  A steam dragon (D:9)
  5 vampire mosquitoes (Lair:5)
  85 redbacks
  Menkaure (D:4)
  An acid dragon (D:9)
  8 water moccasins
  A glowing shapeshifter skeleton (Vaults:3)
  3 sky beasts
  Duvessa (D:4)
  A meliai simulacrum (D:15)
  40 orc warriors
  4 black bears
  2 ice beasts (D:6)
  2 laughing skulls (D:14)
  4 boggarts (Vaults:1)
  2 lemures (D:4)
  A tengu (Lair:1)
  16 ogres
  2 phantoms
  7 centaurs
  22 wolves
  2 kobold brigands
  Blork the orc (D:5)
  21 bullfrogs
  4 scorpions
  2 gnoll sergeants
  A water moccasin zombie (D:4)
  10 wights
  Dowan (D:4)
  9 killer bees
  5 electric eels
  2 howler monkeys
  Crazy Yiuf (D:6)
  23 orc priests
  4 hounds
  5 jellies
  A sleepcap (D:6)
  Natasha (thrice) (D:4)
  8 iguanas
  14 orc wizards
  A mummy (D:4)
  A howler monkey zombie (D:4)
  4 adders
  10 gnolls
  A shadow imp (D:6)
  2 white imps
  An adder zombie (D:4)
  A dart slug (D:3)
  2 ribbon worms (D:5)
  89 orcs
  4 ball pythons
  5 bats
  10 endoplasms
  5 giant cockroaches
  6 goblins
  7 hobgoblins
  6 jackals
  5 quokkas
  3 frilled lizards (D:1)
  12 kobolds
  7 rats
  7 tentacles
1388 creatures vanquished.

Vanquished Creatures (collateral kills)
  the Enchantress (Depths:1)
  An emperor scorpion (Spider:4)
  A frost giant (Depths:1)
  A spriggan defender (Depths:1)
  An ironbound preserver (Vaults:4)
  An ettin (Vaults:4)
  A vault guard (Vaults:1)
  A spriggan air mage (Depths:1)
  2 ironbound frosthearts (Vaults:1)
  A spriggan berserker (Depths:1)
  An iron troll (Depths:1)
  3 deep trolls
  2 ironbound convokers
  An orc knight (Vaults:3)
  2 vault sentinels
  A hornet (Depths:1)
  A jumping spider (Spider:4)
  A slime creature (Vaults:2)
  A spriggan (Depths:1)
  2 redbacks
  A human skeleton (Depths:1)
  A boggart (Vaults:1)
28 creatures vanquished.

Vanquished Creatures (others)
  A merfolk (Shoals:4)
  A polar bear (Lair:1)
  A yak (Lair:4)
  A black bear (Lair:1)
  2 orc wizards
  5 tentacles
11 creatures vanquished.

Grand Total: 1427 creatures vanquished

Notes
Turn   | Place    | Note
-------+----------+-------------------------------------------
     0 | D:1      | Gryn the Demonspawn Hunter began the quest for the Orb.
     0 | D:1      | Reached XP level 1. HP: 16/16 MP: 1/1
   132 | D:1      | Reached skill level 4 in Ranged Weapons
   136 | D:1      | Gained mutation: You are partially covered in sharp spines.
                  | [demonic ancestry]
   136 | D:1      | Reached XP level 2. HP: 22/22 MP: 2/2
   342 | D:1      | Reached XP level 3. HP: 20/27 MP: 3/3
   641 | D:2      | Noticed Sigmund
   727 | D:2      | HP: 1/27 [Sigmund/puff of flame (5)]
   729 | D:2      | Killed Sigmund
   730 | D:2      | Reached skill level 6 in Ranged Weapons
   730 | D:2      | Gained mutation: A meltable shield of frost defends you.
                  | (SH +0) [demonic ancestry]
   730 | D:2      | Reached XP level 4. HP: 2/33 MP: 4/4
   730 | D:2      | Gained mutation: You are mostly covered in sharp spines.
                  | [demonic ancestry]
   730 | D:2      | Reached XP level 5. HP: 3/38 MP: 5/5
  1509 | D:3      | Found a faded altar of an unknown god.
  1671 | D:3      | Found a blossoming altar of Fedhas.
  2018 | D:3      | Found a shadowy altar of Dithmenos.
  2020 | D:3      | Found an ornate altar of the Wu Jian Council.
  2039 | D:3      | Reached XP level 6. HP: 44/44 MP: 6/6
  2075 | D:3      | Found a shimmering altar of Xom.
  2181 | D:3      | Became a worshipper of Dithmenos the Shadowed
  2229 | D:4      | Noticed Duvessa
  2229 | D:4      | Noticed Dowan
  2287 | D:4      | Found a burning altar of Makhleb.
  2338 | D:4      | Reached skill level 7 in Ranged Weapons
  2355 | D:4      | Found a transporter.
  2358 | D:4      | Found a transporter.
  2371 | D:4      | Found a basalt altar of Yredelemnul.
  2392 | D:4      | Noticed Menkaure
  2557 | D:4      | Found an ancient bone altar of Kikubaaqudgha.
  2557 | D:4      | Noticed Pikel
  2557 | D:4      | Noticed Eustachio
  2620 | D:4      | Killed Pikel
  2621 | D:4      | Reached skill level 8 in Ranged Weapons
  2621 | D:4      | Gained mutation: A meltable icy envelope protects you from
                  | harm. (AC +0) [demonic ancestry]
  2621 | D:4      | Reached XP level 7. HP: 16/50 MP: 7/7
  2651 | D:4      | Killed Eustachio
  2652 | D:4      | Reached skill level 9 in Ranged Weapons
  2818 | D:4      | Gained mutation: You are partially covered in molten
                  | scales. (AC +2) [demonic ancestry]
  2818 | D:4      | Reached XP level 8. HP: 56/56 MP: 8/8
  2871 | D:4      | Killed Duvessa
  2881 | D:4      | Killed Dowan
  3141 | D:4      | Found Ufokex's Weapon Shoppe.
  3157 | D:4      | Noticed Natasha
  3161 | D:4      | Killed Natasha
  3439 | D:4      | Found a bloodstained altar of Trog.
  3528 | D:4      | Reached skill level 10 in Ranged Weapons
  3640 | D:4      | Noticed Natasha
  3645 | D:4      | Killed Natasha
  3782 | D:4      | Killed Menkaure
  3835 | D:4      | Noticed Natasha
  3961 | D:4      | Killed Natasha
  3999 | D:5      | Entered Level 5 of the Dungeon
  4060 | D:5      | Found a broken altar of Ashenzari.
  4149 | D:5      | Found Xiab's Book Shop.
  4257 | D:5      | Found Syrob's Jewellery Emporium.
  4284 | D:5      | Noticed Blork the orc
  4298 | D:5      | Killed Blork the orc
  4450 | D:5      | Gained mutation: You are mostly covered in molten scales.
                  | (AC +3) [demonic ancestry]
  4450 | D:5      | Reached XP level 9. HP: 66/66 MP: 9/9
  4842 | D:5      | Found a snail-covered altar of Cheibriados.
  5094 | D:6      | Reached * piety under Dithmenos
  5108 | D:6      | Found a staircase to the Ecumenical Temple.
  5150 | D:6      | Reached skill level 5 in Fighting
  5247 | D:6      | Reached skill level 5 in Dodging
  5399 | D:6      | Identified the amulet "Owet" {rF+ RegenMP+ Str+3 Int+3
                  | Slay+3}
  5547 | D:6      | Found a runed translucent door.
  5548 | D:6      | Noticed Crazy Yiuf
  5556 | D:6      | Killed Crazy Yiuf
  5684 | D:7      | Reached ** piety under Dithmenos
  5692 | D:7      | Found an opulent altar of Gozag.
  5715 | D:7      | Found Tisu's Self-Improvement Boutique.
  5790 | D:7      | Found a hide-covered altar of Uskayaw.
  5841 | D:7      | Found a hazy altar of Hepliaklqana.
  6490 | D:8      | Noticed a two-headed ogre
  6492 | D:8      | Noticed Maggie
  6496 | D:8      | Killed a two-headed ogre
  6497 | D:8      | Reached XP level 10. HP: 80/80 MP: 10/10
  6504 | D:8      | Killed Maggie
  6610 | D:8      | Found a radiant altar of Vehumet.
  7228 | D:8      | Found a stormy altar of Qazlal.
  7590 | D:9      | Found a staircase to the Orcish Mines.
  7610 | D:9      | Reached skill level 11 in Ranged Weapons
  7623 | D:9      | Reached *** piety under Dithmenos
  7813 | D:9      | Found a roughly hewn altar of Beogh.
  7815 | D:9      | Noticed Harold
  7824 | D:9      | Killed Harold
  8162 | D:10     | Entered Level 10 of the Dungeon
  8198 | D:10     | Noticed a sea snake
  8237 | D:10     | Gained mutation: You have sharp fingernails. [demonic
                  | ancestry]
  8237 | D:10     | Reached XP level 11. HP: 90/90 MP: 11/11
  8419 | D:10     | Reached skill level 10 in Fighting
  9001 | D:11     | Found a staircase to the Lair.
  9061 | D:11     | Noticed a minotaur
  9062 | D:11     | Noticed a two-headed ogre
  9062 | D:11     | Noticed hattop's ghost (journeyman DrSh)
  9148 | D:11     | Reached skill level 12 in Ranged Weapons
  9182 | D:11     | Found a flickering gateway to a bazaar.
  9193 | Bazaar   | Entered a bazaar
  9193 | Bazaar   | Found Waniniw's Weapon Boutique.
  9193 | Bazaar   | Found Omnouca's Antique Armour Shop.
  9193 | Bazaar   | Found Sol Xuyv's Jewellery Shop.
  9256 | Bazaar   | Bought the ring "Asipro Enapa" {rPois Will+ AC+4} for 686
                  | gold pieces
  9546 | D:11     | Noticed a brown ugly thing
  9558 | D:11     | Killed a brown ugly thing
  9896 | D:11     | Found a runed translucent gate.
  9896 | D:11     | Found a runed translucent gate.
  9896 | D:11     | Found a runed translucent gate.
 10519 | D:11     | Found a shadowy altar of Dithmenos.
 10519 | D:11     | Noticed a vampire mage
 10530 | D:11     | Killed a vampire mage
 10530 | D:11     | Reached **** piety under Dithmenos
 10531 | D:11     | Reached skill level 13 in Ranged Weapons
 10834 | Lair:1   | Entered Level 1 of the Lair of Beasts
 10999 | Lair:1   | Reached skill level 14 in Ranged Weapons
 10999 | Lair:1   | Reached XP level 12. HP: 100/100 MP: 12/12
 11604 | Lair:2   | Reached skill level 15 in Ranged Weapons
 11813 | Lair:2   | Found a staircase to the Shoals.
 12074 | Lair:2   | Reached skill level 16 in Ranged Weapons
 12187 | Lair:3   | Reached skill level 1 in Spellcasting
 12221 | Lair:3   | Noticed Nergalle
 12233 | Lair:3   | Killed Nergalle
 12399 | Lair:3   | Reached ***** piety under Dithmenos
 12584 | Lair:3   | Noticed Sonja
 12598 | Lair:3   | Reached XP level 13. HP: 106/106 MP: 16/18
 12619 | Lair:3   | Killed Sonja
 13021 | Lair:3   | Found a hole to the Spider Nest.
 13224 | Lair:4   | Found a viscous altar of Jiyva.
 13224 | Lair:4   | Found a staircase to the Slime Pits.
 13595 | Lair:4   | Reached skill level 5 in Spellcasting
 14275 | Lair:4   | Reached skill level 10 in Dodging
 14568 | Lair:5   | Entered Level 5 of the Lair of Beasts
 14642 | Lair:5   | Reached ****** piety under Dithmenos
 14695 | Lair:5   | Gained mutation: You are completely covered in sharp
                  | spines. [demonic ancestry]
 14695 | Lair:5   | Reached XP level 14. HP: 104/113 MP: 26/26
 14734 | Lair:5   | Reached skill level 1 in Evocations
 14942 | Lair:4   | Reached skill level 5 in Evocations
 15558 | Lair:5   | Identified the +3 flail of Welfare {heavy, rCorr Str+2}
 15563 | Lair:5   | Identified the amulet "Petoinue" {Acrobat Will+ Int+2
                  | Dex+2}
 16321 | Orc:1    | Entered Level 1 of the Orcish Mines
 16498 | Orc:1    | Reached skill level 1 in Armour
 16504 | Orc:1    | Found Leull's General Store.
 16513 | Orc:1    | Bought a scroll of brand weapon for 114 gold pieces
 16603 | Orc:1    | Found Meat's Weapon Emporium.
 16695 | Orc:2    | Entered Level 2 of the Orcish Mines
 16698 | Orc:2    | Noticed Jorgrun
 16821 | Orc:1    | Killed Jorgrun
 17061 | Orc:2    | Noticed Saint Roka
 17238 | Orc:2    | Noticed an orc warlord
 17241 | Orc:2    | Noticed an orc warlord
 17242 | Orc:2    | Found a roughly hewn altar of Beogh.
 17242 | Orc:2    | Found a staircase to the Elven Halls.
 17255 | Elf:1    | Entered Level 1 of the Elven Halls
 17255 | Elf:1    | Noticed a deep elf sorcerer
 17260 | Elf:1    | Paralysed by an air elemental for 1 turns
 17262 | Elf:1    | Killed a deep elf sorcerer
 18600 | Orc:2    | Killed Saint Roka
 18788 | Orc:2    | Identified the staff of Teic {rPois rCorr Str-5 SInv Stlth+
                  | Alchemy}
 18810 | Elf:1    | Killed an orc warlord
 18811 | Elf:1    | Gained mutation: You are completely covered in molten
                  | scales. (AC +4, rF+) [demonic ancestry]
 18811 | Elf:1    | Reached XP level 15. HP: 109/122 MP: 27/27
 18848 | Orc:2    | Reached skill level 5 in Armour
 19313 | Orc:1    | Reached skill level 1 in Air Magic
 19313 | Orc:1    | Reached skill level 1 in Earth Magic
 19603 | Orc:2    | Found the macabre finger necklace {Finger+ rN+}
 19679 | Orc:2    | Found Iserph's Magic Scroll Shop.
 19682 | Orc:2    | Found Ofocaq's Distillery.
 20059 | Orc:2    | Found Quviebb's Jewellery Emporium.
 20059 | Orc:2    | Found Heidu's Antique Armour Shoppe.
 20060 | Orc:2    | Found a one-way gate leading to the halls of Pandemonium.
 20064 | Orc:2    | Bought a pair of runed boots for 225 gold pieces
 20064 | Orc:2    | Bought a glowing cloak for 225 gold pieces
 20225 | Orc:2    | Learned a level 7 spell: Magnavolt
 20994 | D:12     | Found a shimmering blue altar of Sif Muna.
 21097 | D:12     | Reached skill level 5 in Air Magic
 21097 | D:12     | Reached skill level 5 in Earth Magic
 22177 | D:14     | Found a gate to the Vaults.
 23155 | D:14     | Gained mutation: You have very sharp fingernails. [demonic
                  | ancestry]
 23155 | D:14     | Reached XP level 16. HP: 130/130 MP: 28/28
 23289 | D:15     | Entered Level 15 of the Dungeon
 23558 | D:15     | Found a staircase to the Depths.
 23874 | D:15     | Found an opulent altar of Gozag.
 24111 | Shoals:1 | Entered Level 1 of the Shoals
 24589 | Shoals:1 | Found a runed translucent gate.
 24590 | Shoals:1 | Found a runed translucent gate.
 24593 | Shoals:1 | Found a runed translucent gate.
 24954 | Shoals:2 | Found a transporter.
 25023 | Shoals:2 | Found a transporter.
 25728 | Shoals:3 | Found Ciym's Antique Armour Shoppe.
 25976 | Shoals:3 | Found a flickering gateway to a bazaar.
 25990 | Bazaar   | Entered a bazaar
 25990 | Bazaar   | Found Quovvas's Assorted Antiques.
 25990 | Bazaar   | Found Enin's Armour Boutique.
 26012 | Bazaar   | Found Baga's Weapon Emporium.
 26038 | Bazaar   | Found Zebripipp's Book Shoppe.
 26142 | Bazaar   | Bought a transparent arbalest for 285 gold pieces
 26142 | Bazaar   | Identified the +4 arbalest of the Saviour {flame, Str+4}
                  | (You bought it in a shop in a bazaar)
 26143 | Bazaar   | Bought a potion of curing for 90 gold pieces
 26143 | Bazaar   | Bought a potion of curing for 90 gold pieces
 26143 | Bazaar   | Bought a potion of curing for 90 gold pieces
 26143 | Bazaar   | Bought a potion of heal wounds for 150 gold pieces
 26152 | Bazaar   | Bought a Compendium of Siegecraft for 520 gold pieces
 26479 | Shoals:3 | Found Pooneor's Book Boutique.
 26626 | Shoals:3 | Reached skill level 1 in Summonings
 26762 | Shoals:3 | Noticed a kraken
 26774 | Shoals:3 | Killed a kraken
 27061 | Shoals:3 | Reached skill level 10 in Air Magic
 27069 | Shoals:3 | Reached skill level 10 in Earth Magic
 27086 | Shoals:4 | Entered Level 4 of the Shoals
 27103 | Shoals:4 | Noticed Polyphemus
 27302 | Shoals:4 | Learned a level 4 spell: Summon Lightning Spire
 27424 | Shoals:4 | Gained mutation: You have claws for hands. [demonic
                  | ancestry]
 27424 | Shoals:4 | Reached XP level 17. HP: 136/136 MP: 29/29
 27511 | Shoals:4 | Noticed Louise
 27535 | Shoals:4 | Killed Louise
 27616 | Shoals:4 | Noticed a sphinx
 27625 | Shoals:4 | Killed a sphinx
 27910 | Shoals:4 | Identified the staff "Issix" {rElec rC+ Necro Air}
 27948 | Shoals:4 | Noticed a sphinx
 27959 | Shoals:4 | Killed a sphinx
 27964 | Shoals:4 | Noticed a sphinx
 27975 | Shoals:4 | Killed a sphinx
 28298 | Shoals:4 | Got a barnacled rune of Zot
 28405 | Shoals:4 | Identified the +0 plate armour "Fukkeank" {rC- Str+5}
 28468 | Shoals:4 | Killed Polyphemus
 28469 | Shoals:4 | Reached skill level 5 in Summonings
 28804 | Shoals:4 | Noticed a kraken
 28817 | Shoals:4 | Killed a kraken
 29057 | Spider:1 | Entered Level 1 of the Spider Nest
 29369 | Spider:1 | Noticed Nikola
 29382 | Spider:1 | Killed Nikola
 29596 | Spider:1 | Reached skill level 17 in Ranged Weapons
 31020 | Spider:3 | Reached XP level 18. HP: 142/142 MP: 28/30
 31139 | Spider:3 | Noticed Arachne
 31810 | Spider:3 | Killed Arachne
 32175 | Spider:4 | Entered Level 4 of the Spider Nest
 32332 | Spider:4 | Noticed Roxanne
 32373 | Spider:4 | Killed Roxanne
 33302 | Spider:4 | Reached skill level 18 in Ranged Weapons
 33717 | Spider:4 | Found the +3 pair of mountain boots {steadfast, rC+}
 33867 | Spider:4 | Got a gossamer rune of Zot
 34190 | Vaults:1 | Entered Level 1 of the Vaults
 35135 | Vaults:1 | Gained mutation: You are robust. (+10% HP) [demonic
                  | ancestry]
 35135 | Vaults:1 | Reached XP level 19. HP: 143/163 MP: 31/31
 35825 | Vaults:2 | Found Ihaud's Magic Scroll Shoppe.
 35829 | Vaults:2 | Bought a scroll of acquirement for 520 gold pieces
 35829 | Vaults:2 | Bought a scroll of enchant weapon for 75 gold pieces
 35829 | Vaults:2 | Bought a scroll of teleportation for 30 gold pieces
 35829 | Vaults:2 | Bought a scroll of teleportation for 30 gold pieces
 35829 | Vaults:2 | Acquired a manual of Dodging
 36082 | Vaults:2 | Identified the ring of Valiwapn {^Drain Fly rC+ MP+9 Str+2}
 37407 | Vaults:2 | Identified the serpent talisman "Gakhloah" {Will+ rCorr
                  | Int+3 Dex+4}
 37407 | Vaults:2 | Noticed Aizul
 37424 | Vaults:2 | Killed Aizul
 39021 | Vaults:3 | Noticed Xtahua
 39039 | Vaults:3 | Killed Xtahua
 39172 | Vaults:3 | Reached skill level 19 in Ranged Weapons
 39968 | Vaults:3 | Found Tuobut's Antique Armour Shoppe.
 40857 | Vaults:3 | Gained mutation: A meltable icy envelope protects you from
                  | harm. (AC +0) [demonic ancestry]
 40857 | Vaults:3 | Reached XP level 20. HP: 171/171 MP: 32/32
 40861 | Vaults:3 | Reached skill level 15 in Air Magic
 40965 | Vaults:3 | Found a staircase to the Crypt.
 41172 | Vaults:4 | Reached skill level 15 in Earth Magic
 43112 | Depths:1 | Entered Level 1 of the Depths
 43150 | Depths:1 | Noticed the Enchantress
 43248 | Depths:1 | HP: 7/147 [spriggan defender/+1 demon whip of
                  | electrocution[the Enchantress] (10)]
 44192 | Depths:1 | Found a runed translucent door.
 44193 | Depths:1 | Noticed Wyithres's ghost (adept MiFi)
 44388 | Depths:1 | HP: 5/171 [frost giant/bolt of cold (8)]
 44742 | Depths:1 | Identified the +4 quarterstaff of Corpus Delicti {holy,
                  | +Blink}
 44743 | Depths:1 | Killed the Enchantress
 44759 | Depths:1 | Reached skill level 20 in Ranged Weapons
 45531 | Depths:1 | Slain by a deep troll shaman

Illustrated notes

Levels and vault maps discovered:
D:1:      minmay_arrival_wavy_path, layout_rooms
D:2:      layout_basic, eino_tiny_chamber, uniq_sigmund
D:3:      layout_loops_cross, mainiacjoe_overflow_24_doors,
          mainiacjoe_overflow_alcove_2,
          chequers_temple_overflow_statue_of_worship,
          shapermc_ecumenical_altar_gd
D:4:      layout_loops_corners, gammafunk_temple_of_torment, bloody_makhleb,
          mainiacjoe_overflow_alcove_4, serial_shops,
          nicolae_shop_bloodbath_and_beyond, hex_tiny, grunt_ministairs_1,
          uniq_natasha, uniq_eustachio, uniq_pikel, uniq_duvessa
D:5:      layout_basic, cheibrodos_ashenzari_chains, cheibrodos_worm_habitat,
          serial_shops, nicolae_inconvenience_store, nicolae_square_shop,
          kennysheep_cross_room, uniq_blork_the_orc
D:6:      layout_cave_pools, minmay_temple_entry_junction, minmay_checkerbox,
          uniq_crazy_yiuf_cottage
D:7:      layout_rooms, mainiacjoe_overflow_boulevard, lemuel_crystal_altar,
          mainiacjoe_overflow_concentric_impassable, nicolae_shop_self_help
D:8:      layout_layer_cave, marbit_many_paths, lemuel_round_altar,
          hangedman_abyss_or_decor_passed, eino_small_chamber_without_monster,
          minmay_gold_behind_fungi, uniq_maggie
D:9:      layout_basic, minmay_orc_entry_temple_small, minmay_starry_boxes,
          uniq_harold
D:10:     layout_loops_ring, serial_aquarium, aquarium_bridge_square
          [aquarium_subvault_window, aquarium_subvault_bridge,
          aquarium_subvault_bridge, aquarium_subvault_bridge],
          aquarium_window_fake, aquarium_window_fake, aquarium_window_fake,
          aquarium_window_fake, aquarium_view_2g, chequers_serial_rivers_micro_a
D:11:     layout_gridville, dpeg_lair_monsters, maelrawn_ghost_gauntlet_escape,
          serial_shops, bzr_entry_gold, nicolae_nh_vlads_tower
D:12:     layout_rooms, minmay_crystal_water, tgw_sif
D:13:     layout_irregular_city
D:14:     layout_stronghold, lightli_vaults_fourway_checkpoint,
          hangedman_decor_growths, tso_altar
D:15:     hangedman_depths_entry_try_elsewhere_first, layout_basic,
          nicolae_gozag_cash_rules_everything_around_me
Lair:1:   beast_lair_carwin_large_2, layout_chaotic_city,
          chequers_serial_rivers_micro_e
Lair:2:   layout_long_grid, minmay_shoals_entry_beasts, lemuel_fruit_fields
Lair:3:   layout_chaotic_city, hellmonk_spider_entry_not_the_bees, uniq_sonja,
          uniq_nergalle
Lair:4:   nzn_winding_woodlands_medium [nzn_winding_woodlands_5x5_three,
          nzn_winding_woodlands_5x15_default, nzn_winding_woodlands_5x5_default,
          nzn_winding_woodlands_hourglass, nzn_winding_woodlands_center_lodge,
          nzn_winding_woodlands_5x5_perimeter,
          nzn_winding_woodlands_5x5_closed_star,
          nzn_winding_woodlands_5x15_lazy_stream,
          nzn_winding_woodlands_5x5_default], layout_cave_pods, slime_entry_2
Lair:5:   minmay_lair_end_frog_pond, layout_small_grid, serial_bayou_lagoon_b
Shoals:1: layout_shoals, nicolae_shoals_beach_cooler
Shoals:2: gammafunk_sealed_arena, layout_shoals
Shoals:3: layout_shoals, serial_shops, bzr_entry_customers, nicolae_shop_trees,
          shop, nicolae_shoals_pincushion_passage
Shoals:4: shoals_end_hellmonk_lost_city, uniq_polyphemus, uniq_louise
Spider:1: layout_spider_delve, nicolae_spider_eight_legs, uniq_nikola
Spider:2: layout_spider_delve
Spider:3: layout_spider_delve, uniq_arachne
Spider:4: grunt_spider_rune_circles, uniq_roxanne
Orc:1:    layout_diamond_mine, serial_shops, nicolae_shop_behind_doors, shop
Orc:2:    pf_orc_diabolical, layout_caves, basic_altar, minmay_orc_treasury,
          uniq_saint_roka, uniq_jorgrun
Elf:1:    minmay_elf_arrival_circle, layout_gridlike,
          hangedman_elven_crosses_minicolossus, grunt_ministairs_1
Vaults:1: vaults_dpeg_hooks, vaults_room_stairs_pillars,
          nicolae_vaults_little_squares_5, nicolae_vaults_three_branches,
          v_rooms_1, vaults_mumra_lcd, vaults_room_large_hall,
          vaults_mumra_minichess_inversion, nicolae_vaults_trapezoid_lopsided_1,
          layout_vaults_quadrants
Vaults:2: hangedman_vaults_snaps, nicolae_vaults_enemy_cabinets,
          nicolae_vaults_network_star, nicolae_vaults_offset_grid_hallway_4,
          lightli_orcish_oven, hangedman_vaults_maws,
          nicolae_vaults_diagonal_hallway_7, v_pattern_3, v_misc_30,
          vaults_room_ringed_pool, vaults_room_octagon,
          nicolae_vaults_diagonal_hallway_9, hangedman_vaults_impose,
          vaults_room_pools, layout_vaults_big_cross, serial_shops,
          nicolae_shop_crystal, uniq_aizul
Vaults:3: v_misc_11, st_smaller_cells, v_misc_13, vaults_dpeg_emergency_exit,
          minmay_crypt_entry_skeletal_spiral, nicolae_vaults_trapezoid_3,
          nicolae_vaults_tetromino_Z_1, nicolae_vaults_tangram_2, v_rooms_3,
          hangedman_vaults_slice, ontoclasm_vaults_pinch,
          nicolae_vaults_trapezoid_1, layout_vaults_big_room, serial_shops,
          nicolae_diamond_shop, uniq_xtahua
Vaults:4: v_misc_17, nicolae_vaults_trapezoid_1, nicolae_vaults_prndl,
          nicolae_vaults_hexular_roomagon, nicolae_vaults_house_2,
          nicolae_vaults_door_testing_chamber, v_misc_32,
          nicolae_vaults_offset_grid_hallway_1, nicolae_vaults_network_s,
          ontoclasm_vaults_shuriken, nicolae_vaults_tetromino_Z_1,
          nicolae_vaults_variable_pillar_hall, nicolae_vaults_network_barrier,
          v_misc_27, nicolae_vaults_wine_cellar,
          vaults_room_hangedman_quadrants, layout_vaults_omnibox
Depths:1: layout_gridlike, muffindrake_ghost_dead_mans_drink,
          grunt_hell_entry_dis_grunt, drop_trap, minmay_shattered_shrine,
          uniq_enchantress, uniq_sojobo

Skill      XL: |  1  2  3  4  5  6  7  8  9 10 11 12 13 14 15 16 17 18 19 20 |
---------------+-------------------------------------------------------------+-----
Ranged Weapons | 4 6 8 9 10 11 14 16 17 18 19 20 | 20.0
Dodging        | 4 7 10 11 | 11.0
Fighting       | 4 7 9 11 12 13 | 13.0
Spellcasting   | 3 8 |  8.2
Evocations     | 8 |  8.1
Armour         | 4 5 |  5.0
Air Magic      | 7 10 11 13 14 16 | 16.1
Earth Magic    | 7 10 11 13 14 16 | 16.1
Summonings     | 2 5 |  5.0
Stealth        | |  0.8

Action                     |  1- 3 |  4- 6 |  7- 9 | 10-12 | 13-15 | 16-18 | 19-21 || total
---------------------------+-------+-------+-------+-------+-------+-------+-------++-------
  Melee: Shortbow          |     5 |       |       |       |       |       |       ||     5
   Fire: Shortbow          |    94 |   118 |   297 |       |       |       |       ||   509
         Orcbow            |       |       |    59 |   586 |  1337 |   508 |       ||  2490
         Arbalest          |       |       |       |       |       |   108 |       ||   108
         Longbow           |       |       |       |       |       |  1076 |  1172 ||  2248
  Throw: Dart              |       |       |       |       |     5 |     2 |       ||     7
         Throwing net      |       |       |       |       |     2 |       |     1 ||     3
   Cast: Summon Lightning  |       |       |       |       |       |    44 |    72 ||   116
         Magnavolt         |       |       |       |       |       |       |     1 ||     1
  Evoke: Wand              |       |       |     5 |       |    24 |    12 |     5 ||    46
         Tin of tremorston |       |       |       |       |     1 |       |     2 ||     3
         Sack of spiders   |       |       |       |       |       |     1 |     1 ||     2
    Use: Potion            |     4 |     1 |     1 |       |     3 |     7 |    15 ||    31
         Scroll            |     1 |     5 |     2 |    11 |    13 |     8 |    13 ||    53
 Armour: Leather armour    |    23 |    27 |    10 |       |       |       |       ||    60
         Robe              |       |       |    37 |   141 |   264 |   495 |   268 ||  1205
         Skin              |       |       |     4 |       |       |       |       ||     4
         Acid dragon scale |       |       |       |       |       |       |    58 ||    58
  Dodge: Dodged            |    25 |    24 |    66 |   145 |   637 |  1053 |   366 ||  2316
  Block: Other             |       |     9 |    16 |    24 |    79 |   146 |    50 ||   324

Table legend: (Time is in decaauts)
 A = Elapsed time spent in this place.
 B = Non-inter-level travel time spent in this place.
 C = Inter-level travel time spent in this place.
 D = Time resting spent in this place.
 E = Time spent auto-exploring this place.
 F = Levels seen in this place.
 G = Mean time per level.
                   A        B        C        D        E       F      G
               +--------+--------+--------+--------+--------+-----+--------+
         Total |  45000 |  42724 |   2276 |  10727 |  24513 |  38 | 1184.2 |
       Dungeon |  14968 |  13867 |   1101 |   1373 |  10365 |  15 |  997.9 |
          Lair |   5666 |   5280 |    386 |    726 |   3590 |   5 | 1133.2 |
        Shoals |   4838 |   4515 |    323 |   1396 |   2100 |   4 | 1209.5 |
   Spider Nest |   4564 |   4421 |    143 |   1371 |   2109 |   4 | 1141.0 |
  Orcish Mines |   2522 |   2406 |    116 |    741 |    892 |   2 | 1261.0 |
   Elven Halls |   1305 |   1305 |      0 |   1226 |      0 |   1 | 1305.0 |
        Vaults |   8577 |   8373 |    204 |   2266 |   4935 |   4 | 2144.2 |
        Depths |   2320 |   2320 |      0 |   1626 |    332 |   1 | 2320.0 |
        Bazaar |    237 |    237 |      0 |      0 |    189 |   2 |  118.5 |
               +--------+--------+--------+--------+--------+-----+--------+

Top non-repeatable levels by time:
Vaults:3: 2791 daAuts
Vaults:2: 2435 daAuts
Depths:1: 2320 daAuts
    D:11: 1928 daAuts
Shoals:4: 1785 daAuts
  Lair:4: 1743 daAuts
     D:4: 1714 daAuts
Vaults:4: 1713 daAuts
Spider:4: 1679 daAuts
Vaults:1: 1637 daAuts
   Orc:2: 1581 daAuts
Spider:2: 1458 daAuts
    D:14: 1411 daAuts
  Lair:3: 1401 daAuts
     D:8: 1307 daAuts
